 Dungeon Crawl Stone Soup version 0.21.1-1-g345015fe64 (webtiles) character file.

160 Knicklaso the Covered (level 5, -8/36 HPs)
             Began as a Halfling Fighter on Apr 5, 2018.
             Mangled by a mummy (15 damage)
             ... in an ossuary.
             The game lasted 00:05:04 (2679 turns).

Knicklaso the Covered (Halfling Fighter)            Turns: 2679, Time: 00:05:04

Health: -8/36      AC:  3    Str: 17    XL:     5   Next: 69%
Magic:  5/5        EV: 12    Int:  6    God:
Gold:   218        SH:  6    Dex: 15    Spells: 4/4 levels left

rFire    . . .     SeeInvis .   g - +2 dagger (venom)
rCold    . . .     Gourm    .   b - +0 buckler
rNeg     . . .     Faith    .   t - +0 leather armour
rPois    .         Spirit   .   (no helmet)
rElec    .         Reflect  .   (no cloak)
rCorr    .         Harm     .   (no gloves)
MR       .....                  (no boots)
Stlth    +.........             (no amulet)
HPRegen  0.12/turn              (no ring)
MPRegen  0.09/turn              (no ring)

@: no status effects
A: small, mutation resistance 1
a: no special abilities


You were in an ossuary.
You were hungry.

You visited 1 branch of the dungeon, and saw 4 of its levels.
You also visited: Ossuary.

You collected 218 gold pieces.

Inventory:

Hand Weapons
 a - a +0 long sword
 g - a +2 dagger of venom (weapon)
Armour
 b - a +0 buckler (worn)
 t - a +0 leather armour (worn)
Wands
 o - a wand of enslavement (16)
Scrolls
 c - a scroll of magic mapping {unknown}
 e - 8 scrolls of identify {unknown}
 i - a scroll of immolation {unknown}
 m - 3 scrolls of enchant armour {unknown}
 n - a scroll of amnesia {unknown}
 p - a scroll of enchant weapon {unknown}
 r - a scroll of blinking {unknown}
Potions
 d - 2 potions of might
 h - 5 potions of curing {unknown}
 j - a potion of ambrosia {unknown}
 k - a potion of mutation {unknown}
 l - a potion of agility {unknown}
 q - a potion of magic {unknown}
 s - a potion of haste {unknown}
Comestibles
 f - 7 rations


   Skills:
 + Level 3.5 Fighting
 * Level 3.9 Long Blades
 + Level 4.2 Armour
 + Level 3.5 Shields


You had 4 spell levels left.
You didn't know any spells.

Dungeon Overview and Level Annotations

Branches:
Dungeon (4/15)
 Temple: D:4-7

Altars:
Vehumet


Innate Abilities, Weirdness & Mutations

You are small and have problems with some larger weapons.
You are somewhat resistant to further mutation.


Message History

The mummy hits you.
You hit the mummy.
The mummy is severely damaged.
You block the mummy's attack. The mummy barely misses you.
You barely miss the mummy.
The mummy is severely damaged.
You hit the mummy.
The mummy is severely damaged.
The mummy hits you. You block the mummy's attack.
You closely miss the mummy.
The mummy is severely damaged.
The mummy barely misses you.
You completely miss the mummy.
The mummy is severely damaged.
The mummy hits you!
* * * LOW HITPOINT WARNING * * *
You barely miss the mummy.
The mummy is severely damaged.
The mummy hits you!
You die...

#####
#...#.+
#.@M'.#
#∩.M#≈+
#####


You could see 2 mummies.

Vanquished Creatures
  An iguana (D:4)
  A hound skeleton (D:4)
  4 adders
  2 oozes
  3 worms
  3 dart slugs
  3 leopard geckos
  2 orcs (D:3)
  2 giant cockroaches
  2 goblins (D:1)
  7 hobgoblins
  7 jackals
  8 kobolds
  A quokka (D:3)
  5 bats
  5 frilled lizards
  6 rats
62 creatures vanquished.

Vanquished Creatures (others)
  A withered plant (Ossuary)
1 creature vanquished.

Grand Total: 63 creatures vanquished

Notes
Turn   | Place    | Note
-------+----------+-------------------------------------------
     0 | D:1      | Knicklaso the Halfling Fighter began the quest for the Orb.
     0 | D:1      | Reached XP level 1. HP: 15/15 MP: 1/1
   118 | D:1      | Reached XP level 2. HP: 16/20 MP: 2/2
   500 | D:2      | Reached XP level 3. HP: 18/26 MP: 3/3
   804 | D:2      | Reached XP level 4. HP: 23/31 MP: 4/4
   923 | D:2      | Found a radiant altar of Vehumet.
  1852 | D:3      | Reached skill level 4 in Armour
  1933 | D:3      | Reached XP level 5. HP: 31/36 MP: 5/5
  2649 | D:4      | Found a sand-covered staircase.
  2654 | Ossuary  | Entered an ossuary
  2679 | Ossuary  | Mangled by a mummy

Skill      XL: |  1  2  3  4 |
---------------+-------------+-----
Fighting       | 3 |  3.5
Long Blades    | 3 |  3.9
Armour         | 4 |  4.2
Shields        | |  3.5

Action                   |  1- 3 |  4- 6 || total
-------------------------+-------+-------++-------
Melee: Long sword        |    30 |       ||    30
       Dagger            |    50 |   149 ||   199
  Eat: Chunk             |       |     5 ||     5
Armor: Scale mail        |    28 |    13 ||    41
       Leather armour    |       |     7 ||     7
Dodge: Dodged            |    40 |    66 ||   106
Block: Shield            |     4 |       ||     4
       Buckler           |       |    22 ||    22
       Rpst.: Long sword |     7 |       ||     7
